 Dungeon Crawl Stone Soup version 0.30-a0-972-gf3ab3527aa (webtiles) character file.

Game seed: 3003754182376491685

23 drewk1942 the Ruffian (level 2, 0/26 HPs)
             Began as a Ghoul Berserker on Mar 31, 2023.
             Was a Follower of Trog.
             Slain by a kobold
             ... wielding a +2 short sword of venom
              (3 damage)
             ... on level 1 of the Dungeon.
             The game lasted 00:01:15 (444 turns).

drewk1942 the Ruffian (Ghoul Berserker)              Turns: 444, Time: 00:01:16

Health: 0/26       AC:  2    Str: 19    XL:     2   Next: 95%
Magic:  1/1        EV: 12    Int:  3    God:    Trog [*.....]
Gold:   51         SH:  0    Dex:  8    Spells: 1/1 levels left

rFire   . . .      SeeInvis .      - Unarmed
rCold   + . .      Faith    .    (no shield)
rNeg    + + +      Spirit   .    a - +0 animal skin
rPois   ∞          Reflect  .    (no helmet)
rElec   .          Rampage  .    (no cloak)
rCorr   .                        (no gloves)
Will    .....                    (no boots)
Stlth   +                        (no amulet)
HPRegen 0.00/turn                (no ring)
MPRegen 0.07/turn                (no ring)

@: inhibited regen
A: claws 1, cold resistance 1, negative energy resistance 3, inhibited
regeneration, torment resistance 2, devour on kill
a: Renounce Religion


You were on level 1 of the Dungeon.
You worshipped Trog.
Trog was aware of your devotion.
You visited 1 branch of the dungeon, and saw 1 of its levels.

You collected 51 gold pieces.

Inventory:

Armour
 a - a +0 animal skin (worn)
Scrolls
 c - a scroll of identify {unknown}
 d - a scroll of noise {unknown}
Potions
 b - a potion of heal wounds {unknown}


   Skills:
 + Level 3.5 Fighting
 + Level 2.0 Armour
 + Level 2.0 Dodging
 * Level 3.8 Unarmed Combat


You had one spell level left.
You didn't know any spells.
Your spell library was empty.

Dungeon Overview and Level Annotations

Branches:
Dungeon (1/15)

Altars:

Shops:
D:1 *


Innate Abilities, Weirdness & Mutations

You are immune to poison.
You have sharp fingernails.
Your flesh is cold resistant. (rC+)
You are immune to negative energy. (rN+++)
You do not regenerate when monsters are visible.
You are immune to unholy pain and torment.
You thrive by killing the living.


Message History

The kobold hits you with a +2 short sword of venom.
Okay, then.
You closely miss the kobold.
The kobold is severely wounded.
The ball python bites you but does no damage.
The ball python constricts you. The giant cockroach closely misses you.
The kobold barely misses you.
You escape the ball python's grasp.
The giant cockroach attacks as you move away!
The giant cockroach barely misses you.
The giant cockroach attacks as you move away!
The giant cockroach barely misses you.
The ball python attacks as you move away!
The ball python closely misses you. The ball python barely misses you.
The kobold attacks as you move away!
The kobold hits you with a +2 short sword of venom.
* * * LOW HITPOINT WARNING * * *
The ball python bites you.
* * * LOW HITPOINT WARNING * * *
The ball python grabs you. The ball python constricts you.
The giant cockroach barely misses you.
The ball python's grasp on you weakens, but your attempt to escape fails.
The ball python closely misses you. The ball python constricts you.
You escape the ball python's grasp.
The kobold attacks as you move away!
The kobold hits you with a +2 short sword of venom.
* * * LOW HITPOINT WARNING * * *
The kobold attacks as you move away! The kobold barely misses you.
You scratch the giant cockroach.
The giant cockroach is moderately wounded.
The giant cockroach completely misses you.
The giant cockroach closely misses you.
You closely miss the giant cockroach.
The giant cockroach is moderately wounded.
The giant cockroach completely misses you.
You scratch the giant cockroach but do no damage.
The giant cockroach is moderately wounded.
The giant cockroach closely misses you.
The kobold hits you with a +2 short sword of venom.
You die...

.###....##.#...#...##.#÷..
#....##.###†.......##..
#.###..................##.#
.......................:...
...............#......#####
#............##...##.... #
#.......S..#.#...##..... #
#....BB##.#....# ..... #
#.#....#@##..†..##.... #
#.#.g#K#.#..........# #
#.##.B##.#.....##....# #
##....##...........### #
#......#......#....# #
#......#......##...#
##....##......# ####
##..##.#.....#
#..#.#.#....#


You could see 2 giant cockroaches, a ball python and a kobold.

Vanquished Creatures
  3 bats (D:1)
  3 endoplasms (D:1)
  2 giant cockroaches (D:1)
  2 goblins (D:1)
  2 jackals (D:1)
  A quokka (D:1)
  2 frilled lizards (D:1)
  2 kobolds (D:1)
  5 rats (D:1)
22 creatures vanquished.

Notes
Turn   | Place    | Note
-------+----------+-------------------------------------------
     0 | D:1      | drewk1942 the Ghoul Berserker began the quest for the Orb.
     0 | D:1      | Reached XP level 1. HP: 19/19 MP: 0/0
    58 | D:1      | Found Qeghui's General Store.
   116 | D:1      | Reached XP level 2. HP: 22/26 MP: 1/1
   164 | D:1      | Found Doidenne Uti's Jewellery Boutique.
   444 | D:1      | Slain by a kobold

Illustrated notes

Levels and vault maps discovered:
D:1:      dpeg_arrival_radiant, layout_basic, serial_shops,
          nicolae_shop_window_shopping, shop, nicolae_shop_advertising_works
          [nicolae_subvault_shop_adworks], chequers_ecumenical_altar_lobes,
          minmay_misc_feat_secret_circle

Skill      XL: |  1  2 |
---------------+-------+-----
Armour         | 2 |  2.0
Dodging        | 2 |  2.0
Fighting       | |  3.5
Unarmed Combat | |  3.8

Action                     || total
---------------------------++-------
  Melee: Unarmed           ||    78
         Punch             ||     2
 Armour: Animal skin       ||    21
  Dodge: Dodged            ||    61

Table legend: (Time is in decaauts)
 A = Elapsed time spent in this place.
 B = Non-inter-level travel time spent in this place.
 C = Inter-level travel time spent in this place.
 D = Time resting spent in this place.
 E = Time spent auto-exploring this place.
 F = Levels seen in this place.
 G = Mean time per level.
                   A        B        C        D        E       F      G
               +--------+--------+--------+--------+--------+-----+--------+
         Total |    439 |    439 |      0 |      0 |    279 |   1 |  439.0 |
       Dungeon |    439 |    439 |      0 |      0 |    279 |   1 |  439.0 |
               +--------+--------+--------+--------+--------+-----+--------+

Top non-repeatable levels by time:
     D:1: 439 daAuts
